 Dungeon Crawl Stone Soup version 0.30-a0-557-ge2afbf3030 (webtiles) character file.

Game seed: 1516789621706310726

376288 bjtr the Metallomancer (level 22, -12/127 HPs)
             Began as a Gargoyle Earth Elementalist on Dec 26, 2022.
             Was the Champion of Vehumet.
             Mangled by an enormous slime creature (84 damage)
             ... on level 2 of the Vaults on Dec 27, 2022.
             The game lasted 06:42:30 (54848 turns).

bjtr the Metallomancer (GrEE)                      Turns: 54848, Time: 06:42:30

Health: -12/127    AC: 38    Str: 24    XL:     22   Next: 78%
Magic:  44/44      EV: 12    Int: 38    God:    Vehumet [******]
Gold:   1026       SH: 15    Dex:  6    Spells: 7/57 levels left

rFire   + . .      SeeInvis .    a - +6 broad axe (flame)
rCold   + + +      Faith    .    e - +3 warlock's mirror {reflect}
rNeg    + . .      Spirit   .    L - +1 ring mail of Lethargy {Will+ Int+7}
rPois   ∞          Reflect  +    n - +2 hat {Int+3}
rElec   +          Harm     .    d - scarf {rC+ rF+}
rCorr   +          Rampage  .    s - +0 pair of gloves of Anaesthesia {Str+3 Int+6}
Will    +++..      Archmagi +    l - +5 pair of boots "Noxtolyi" {rC++ rCorr Str-2 Dex-3}
Stlth   +++                      w - amulet of Abbusoci {Reflect Regen+ Str+8 Dex-5 SH+5}
HPRegen 1.21/turn                T - +4 ring of protection
MPRegen 0.29/turn                C - ring of the Mage {Wiz Archmagi}

@: flying, studying Throwing
A: sickness immunity, AC +16, big wings, negative energy resistance 1,
electricity resistance, torment resistance 1, petrification resistance, talons
1, agile 1, strong-willed 1, noise suppression
}: 2/15 runes: serpentine, barnacled
a: Renounce Religion


You were on level 2 of the Vaults.
You worshipped Vehumet.
Vehumet was exalted by your worship.
You visited 8 branches of the dungeon, and saw 36 of its levels.
You visited 1 bazaar.
You also visited: Ossuary, Bailey and Ice Cave.

You collected 4239 gold pieces.
You spent 3213 gold pieces at shops.

Inventory:

Hand Weapons
 a - a +6 broad axe of flaming (weapon)
 b - a +5 sling of freezing
 g - a +2 eudemon blade of holy wrath
Missiles
 f - 7 boomerangs of dispersal (quivered)
 q - 3 silver boomerangs
 y - 5 throwing nets
Armour
 d - a scarf of resistance (worn)
 e - the +3 warlock's mirror (worn) {reflect}
   (You bought it in a shop in a bazaar)

   It can block and reflect piercing ranged attacks and magical attacks against
   the wielder's willpower.
 l - the +5 pair of boots "Noxtolyi" (worn) {rC++ rCorr Str-2 Dex-3}
   (You bought it in a shop in a bazaar)

   Str:       It affects your strength (-2).
   Dex:       It affects your dexterity (-3).
   rC:        It greatly protects you from cold.
   rCorr:     It protects you from acid and corrosion.
 n - a +2 hat of intelligence (worn)
 s - the +0 pair of gloves of Anaesthesia (worn) {Str+3 Int+6}
   (You found it on level 5 of the Dungeon)

   Str:       It affects your strength (+3).
   Int:       It affects your intelligence (+6).
 L - the +1 ring mail of Lethargy (worn) {Will+ Int+7}
   (You bought it in a shop on level 2 of the Elven Halls)

   Int:       It affects your intelligence (+7).
   Will:      It increases your willpower.
Jewellery
 w - the amulet of Abbusoci (around neck) {Reflect Regen+ Str+8 Dex-5 SH+5}
   (You acquired it on level 6 of the Dungeon)

   [amulet of reflection]

   It reflects blocked missile attacks.
   Str:       It affects your strength (+8).
   Dex:       It affects your dexterity (-5).
   Regen:     It increases your rate of health regeneration.
   SH:        It affects your SH (+5).
 C - the ring of the Mage (right hand) {Wiz Archmagi}
   (You found it on level 1 of the Snake Pit)

   [ring of wizardry]

   It improves your spell success rate.
   Archmagi:  It increases the power of your magical spells.
 T - a +4 ring of protection (left hand)
 V - the ring "Suumuif" {rPois rF+ Will+ Int+6 Dex-3}
   (You took it off a deep elf blademaster on level 3 of the Elven Halls)

   [ring of willpower]

   Int:       It affects your intelligence (+6).
   Dex:       It affects your dexterity (-3).
   rF:        It protects you from fire.
   rPois:     It protects you from poison.
   Will:      It increases your willpower.
Wands
 j - a wand of flame (16)
 o - a wand of iceblast (19)
 t - a wand of charming (27)
 x - a wand of acid (25)
 F - a wand of mindburst (16)
 Y - a wand of digging (1)
 Z - a wand of polymorph (6)
Scrolls
 k - a scroll of torment
 m - 14 scrolls of teleportation
 r - 3 scrolls of magic mapping
 B - a scroll of enchant armour
 E - 10 scrolls of fog
 H - 3 scrolls of amnesia
 I - 9 scrolls of poison
 J - 2 scrolls of blinking
 R - 5 scrolls of immolation
 W - 4 scrolls of fear
 X - 2 scrolls of butterflies
Potions
 c - 3 potions of resistance
 h - a potion of heal wounds
 i - 5 potions of cancellation
 p - 16 potions of curing
 u - a potion of invisibility
 v - 6 potions of brilliance
 A - 6 potions of might
 G - 6 potions of magic
 M - a potion of mutation
 U - 4 potions of ambrosia
Miscellaneous
 z - a phantom mirror
 D - a box of beasts
 K - a condenser vane
 N - a lightning rod (4/4)


   Skills:
 + Level 9.8 Fighting
 * Level 8.6 Axes
 + Level 9.8 Armour
 + Level 8.9 Dodging
 + Level 9.4 Stealth
 + Level 18.1 Shields
 * Level 18.1 Spellcasting
 + Level 15.6 Conjurations
 - Level 0.7 Transmutations
 + Level 2.6 Fire Magic
 + Level 21.7 Earth Magic
 - Level 1.4 Poison Magic
 + Level 1.1 Evocations


You had 7 spell levels left.
You knew the following spells:

 Your Spells              Type           Power      Damage    Failure   Level
a - Sandblast             Erth           100%       2d20      0%          1
b - Arcjolt               Conj/Air       48%        1d58      1%          5
c - Stone Arrow           Conj/Erth      100%       3d13      0%          3
d - Iron Shot             Conj/Erth      66%        9d12      1%          6
e - Wereblood             Tmut           56%        N/A       1%          2
f - Starburst             Conj/Fire      51%        6d14      1%          6
g - Irradiate             Conj/Tmut      49%        3d28      1%          5
h - Ignite Poison         Fire/Tmut/Pois 63%        N/A       1%          3
i - Mephitic Cloud        Conj/Pois/Air  86%        N/A       1%          3
j - Lee's Rapid Deconstr  Erth           70%        3d32*     0%          5
k - Sticky Flame          Conj/Fire      100%       2d11      1%          4
l - Spellforged Servitor  Conj/Summ      48%        N/A       5%          7

Your spell library contained the following spells:

 Spells                   Type           Power      Damage    Failure   Level
 Shatter                  Erth           70%        3d51*     2%          9
 Fire Storm               Conj/Fire      51%        8d13      92%         9
 Chain Lightning          Conj/Air       48%        3d64      98%         9
 Magic Dart               Conj           100%       1d8       0%          1
 Passwall                 Tmut/Erth      90%        N/A       0%          2
 Searing Ray              Conj           100%       2d8       0%          2
 Apportation              Tloc           100%       N/A       1%          1
 Beastly Appendage        Tmut           100%       N/A       1%          1
 Foxfire                  Conj/Fire      100%       2x1d9     1%          1
 Freeze                   Ice            100%       1d10      1%          1
 Kiss of Death            Conj/Necr      100%       2d13      1%          1
 Slow                     Hex            100%       N/A       1%          1
 Ensorcelled Hibernation  Hex/Ice        100%       N/A       1%          2
 Poisonous Vapours        Pois/Air       100%       N/A       1%          2
 Static Discharge         Conj/Air       100%       2-7/arc   1%          2
 Confusing Touch          Hex            51%        N/A       1%          3
 Dazzling Flash           Conj/Hex       100%       N/A       1%          3
 Gell's Gravitas          Tloc           51%        N/A       1%          3
 Inner Flame              Hex/Fire       61%        N/A       1%          3
 Kindle Blastsparks       Fire/Tloc/Air  100%       2d18      1%          3
 Lesser Beckoning         Tloc           100%       N/A       1%          3
 Ozocubu's Armour         Ice            51%        N/A       1%          3
 Portal Projectile        Hex/Tloc       100%       N/A       1%          3
 Spider Form              Tmut/Pois      59%        N/A       1%          3
 Swiftness                Air            51%        N/A       1%          3
 Teleport Other           Tloc           51%        N/A       1%          3
 Tukima's Dance           Hex            51%        N/A       1%          3
 Vampiric Draining        Necr           51%        2d9       1%          3
 Vhi's Electric Charge    Tloc/Air       100%       N/A       1%          3
 Airstrike                Air            25%        2d(4-20)  1%          4
 Animate Armour           Summ/Erth      100%       N/A       1%          4
 Fulminant Prism          Conj/Hex       48%        3d21      1%          4
 Petrify                  Tmut/Erth      100%       N/A       1%          4
 Freezing Cloud           Conj/Ice/Air   42%        6-21      1%          5
 Lightning Bolt           Conj/Air       48%        1d68      1%          5
 Anguish                  Hex/Necr       25%        N/A       6%          4
 Cause Fear               Hex            25%        N/A       6%          4
 Dispel Undead            Necr           51%        3d19      6%          4
 Summon Lightning Spire   Summ/Air       51%        N/A       6%          4
 Alistair's Intoxication  Tmut/Pois      39%        N/A       10%         5
 Blade Hands              Tmut           28%        N/A       12%         5
 Agony                    Necr           51%        N/A       16%         5
 Metabolic Englaciation   Hex/Ice        25%        N/A       16%         5
 Silence                  Hex/Air        25%        N/A       16%         5
 Death Channel            Necr           25%        N/A       61%         6
 Ozocubu's Refrigeration  Ice            25%        4d13      67%         7
 Dragon Form              Tmut           28%        N/A       96%         7
 Summon Hydra             Summ           25%        N/A       98%         7
 Ignition                 Fire           35%        3d11      91%         8
 Discord                  Hex            25%        N/A       100%        8
 Cigotuvi's Dreadful Rot  Necr/Pois/Air  Unusable   N/A       N/A         2
 Sublimation of Blood     Necr           Unusable   N/A       N/A         2

Dungeon Overview and Level Annotations

Branches:
Dungeon (15/15)            Temple (1/1) D:6            Lair (5/5) D:11
 Shoals (4/4) Lair:3        Snake (4/4) Lair:3        Slime (0/5) Lair:5
    Orc (2/2) D:9             Elf (3/3) Orc:2        Vaults (2/5) D:14
  Crypt (0/3) Vaults:2     Depths (0/4) D:15        Ossuary (visited)
 Bailey (visited)           IceCv (visited)

Altars:
Ashenzari
Cheibriados
Dithmenos
Elyvilon
Fedhas
Gozag
Hepliaklqana
Kikubaaqudgha
Makhleb
Nemelex Xobeh
Okawaru
Qazlal
Ru
Sif Muna
Trog
Uskayaw
Vehumet
Wu Jian
Xom
Yredelemnul
Zin
The Shining One
Jiyva

Shops:
D:8 ?   Orc:2 [((*(   Elf:1 [   Elf:2 [   Elf:3 (   Snake:1 *(   Snake:3 *?
Snake:4 *   Vaults:1 :(?(?

Portals:
Trove: Elf:1 (give +5 demon whip)


Innate Abilities, Weirdness & Mutations

You are immune to sickness and miasma.
Your stone body is resilient. (AC +16)
You are immune to poison.
Your large and strong wings let you fly.
You resist negative energy. (rN+)
You are resistant to electric shocks. (rElec)
You are resistant to unholy torment.
You are immune to petrification.
You have sharp toenails.
You are agile. (Dex +4, Str/Int -1)
You are strong-willed. (Will+)
You passively dampen the noise of your surroundings.


Message History

There is an open door here.
There is an open door here.
There is an open door here.
An ironbound convoker comes into view. It is wielding a +0 flail.
A slime creature comes into view.
The slime creature moves out of view. 2 slime creatures come into view.
The ironbound convoker shouts!
The slime creature quivers. x2
The slime creature moves out of view.
You slice the ironbound convoker!! You burn the ironbound convoker!
The ironbound convoker is heavily wounded.
The ironbound convoker hits you but does no damage.
You closely miss the ironbound convoker.
The ironbound convoker is heavily wounded.
The ironbound convoker hits you with a +0 flail.
A slime creature comes into view.
You closely miss the ironbound convoker.
The ironbound convoker is heavily wounded.
The ironbound convoker hits you but does no damage.
You block the ironbound convoker's attack.
You slash the ironbound convoker! You burn the ironbound convoker.
The ironbound convoker is almost dead.
The ironbound convoker casts a spell at the slime creature.
The slime creature seems to grow stronger.
You slash the ironbound convoker! You burn the ironbound convoker.
You kill the ironbound convoker!
Vehumet accepts your kill.
Two slime creatures merge to form a large slime creature.
A slime creature comes into view.
Two slime creatures merge to form an enormous slime creature.
The slime creature quivers.
The enormous slime creature attacks as you move away!
The enormous slime creature hits you!!!
The enormous slime creature attacks as you move away!
The enormous slime creature hits you but does no damage.
The enormous slime creature attacks as you move away!
The enormous slime creature hits you!!!!
Ouch! That really hurt!
You die...

##.).## #..# ##[## #..'
######)##################..#
..........).................#
..........)[....(...........#
............................#
.............................
#############)############...
##...J@..## #... ##.##......##
#... ##.##.###....## #...
#.##)######...###### #...
......J.#.##...###..##...###...
......#.#.#.....##..'.....##...
......#.##'..>..'##.##...###...
##### #..##.....#.#.#.....##..#
#.. ##...##.#.##...###..#


You could see an enormous slime creature (strong).

Vanquished Creatures
  Mennas (Vaults:2)
  Mara (Snake:3)
  Saint Roka (Vaults:2)
  Vashnia (Snake:4)
  A bone dragon (Vaults:2)
  2 deep elf blademasters (Elf:3)
  A deep elf master archer (Elf:3)
  Gastronok (D:8)
  2 sphinxes (Shoals:4)
  2 krakens (Shoals:2)
  2 deep elf sorcerers (Elf:3)
  9 nagarajas
  2 vault wardens (Vaults:2)
  3 deep elf elementalists (Elf:3)
  2 orc warlords
  9 ironbound preservers
  4 very ugly things
  3 deep elf demonologists (Elf:3)
  Azrael (Snake:3)
  6 dire elephants
  4 deep elf annihilators (Elf:3)
  The ghost of Jocum the Warrior, a journeyman MiFi of Lugonu (D:14)
  2 minotaurs (Shoals:4)
  A merfolk javelineer (Shoals:2)
  3 merfolk impalers
  2 blizzard demons (IceCv)
  4 deep elf death magi (Elf:3)
  Josephine (D:13)
  A yaktaur captain (Vaults:2)
  2 ettins (Vaults:2)
  A crystal guardian (Vaults:2)
  4 great orbs of eyes
  2 deep elf high priests (Elf:3)
  A rakshasa (D:15)
  A caustic shrike simulacrum (IceCv)
  10 vault guards
  3 peacekeepers (Vaults:2)
  Erolcha (Orc:1)
  10 anacondas
  The ghost of bakla the Grappler, a novice TrWn (D:9)
  3 merfolk avatars
  2 salamander tyrants (Snake:4)
  5 ironbound frosthearts
  2 merfolk aquamancers (Shoals:1)
  7 hydras
  An ogre mage (D:15)
  A catoblepas (Lair:3)
  A death knight (D:15)
  32 dancing weapons
  4 alligator snapping turtles
  7 boulder beetles
  12 centaur warriors
  13 two-headed ogres
  5 death yaks (D:11)
  21 naga warriors
  9 satyrs (Shoals:4)
  3 orc high priests (Orc:2)
  2 tengu warriors
  11 deep elf knights
  6 shock serpents
  17 naga sharpshooters
  2 spectral death yaks (Lair:5)
  Sonja (Orc:1)
  A fire crab (shapeshifter) (Elf:3)
  5 salamander mystics
  17 sea snakes
  2 skeletal warriors (D:15)
  32 deep trolls
  A spectral anaconda (Lair:5)
  A bog body (IceCv)
  2 glowing orange brains
  8 naga ritualists
  3 obsidian statues
  7 spriggan simulacra (IceCv)
  11 ironbound convokers
  A wizard (Vaults:1)
  8 deep elf archers
  7 orc knights
  24 deep elf pyromancers
  20 deep elf zephyrmancers
  21 harpies
  3 lindwurms
  5 necromancers
  11 mana vipers
  8 cyclopes
  17 ugly things
  12 fauns
  5 orc sorcerers (Orc:2)
  19 salamanders
  21 manticores
  2 dire elephant zombies (Lair:5)
  44 black mambas
  5 vault sentinels
  6 guardian serpents
  8 merfolk sirens
  A stone giant skeleton (Vaults:1)
  Joseph (D:8)
  3 gargoyles
  8 elephants (Lair:5)
  3 water nymphs
  23 naga magi
  13 cane toads
  A torpor snail (Lair:5)
  A cane toad (shapeshifter) (D:9)
  An unseen horror (shapeshifter) (D:9)
  An efreet (D:13)
  8 freezing wraiths
  A yaktaur (shapeshifter) (D:14)
  15 yaktaurs
  7 komodo dragons
  2 rime drakes
  2 anaconda simulacra (IceCv)
  9 ice devils (IceCv)
  4 red devils (Elf:1)
  23 merfolk
  2 trolls
  8 wind drakes
  A hornet (Lair:1)
  Prince Ribbit (Bailey)
  31 slime creatures
  A blink frog (shapeshifter) (D:13)
  8 snapping turtles
  12 blink frogs
  13 dream sheep
  A centaur simulacrum (D:15)
  A culicivora (shapeshifter) (D:15)
  A jumping spider (shapeshifter) (D:15)
  A dire elephant simulacrum (IceCv)
  2 shadows
  15 water elementals
  A vampire (D:7)
  2 air elementals
  28 yaks
  7 wyverns
  3 wraiths
  A basilisk (shapeshifter) (D:14)
  5 humans (Bailey)
  A death yak simulacrum (Lair:5)
  A golden eye (shapeshifter) (D:9)
  3 basilisks
  Grum (D:10)
  3 neqoxecs (D:9)
  8 vampire mosquitoes
  10 fire elementals
  8 minotaur simulacra (IceCv)
  A spectral cane toad (Lair:5)
  6 wargs
  3 acid dragons
  46 nagas
  3 harpy simulacra (IceCv)
  2 hell hounds (Snake:3)
  Duvessa (D:5)
  13 water moccasins
  31 orc warriors
  A sky beast (D:4)
  2 ice beasts
  An ettin simulacrum (IceCv)
  An orc zombie (Vaults:1)
  4 ogres
  2 elephant zombies (Lair:5)
  2 human zombies (Vaults:1)
  7 wolves
  21 centaurs
  A phantom (D:6)
  An elf zombie (Ossuary)
  3 kobold brigands
  22 bullfrogs
  7 earth elementals
  6 deep troll simulacra (IceCv)
  3 scorpions
  A cane toad simulacrum (Lair:5)
  A gnoll sergeant (D:7)
  Dowan (D:5)
  An elephant simulacrum (Lair:5)
  5 killer bees (D:10)
  5 electric eels
  20 orc priests
  A hound (D:5)
  2 gnoll boudas
  Terence (D:3)
  4 iguanas
  22 orc wizards
  4 mummies (Ossuary)
  15 adders
  26 gnolls
  2 shadow imps
  2 ufetubi (D:4)
  3 adder zombies (Ossuary)
  3 worms
  The ghost of drugrobin the Sneak, a weakling DgDe (D:5)
  2 dart slugs
  78 orcs
  6 endoplasms
  7 giant cockroaches
  A gnoll zombie (Ossuary)
  12 goblins
  9 hobgoblins
  19 kobolds
  5 quokkas
  8 ball pythons
  4 bats
  A frilled lizard (D:1)
  2 goblin zombies
  A jackal zombie (Ossuary)
  2 kobold zombies (Ossuary)
  8 rats
  4 rat zombies
1399 creatures vanquished.

Vanquished Creatures (collateral kills)
  A deep elf annihilator (Elf:3)
  A deep elf knight (Elf:2)
  A deep elf zephyrmancer (Elf:2)
3 creatures vanquished.

Vanquished Creatures (others)
  Aizul (Elf:1)
  A naga warrior (Snake:3)
  A deep elf pyromancer (Elf:1)
  A deep elf zephyrmancer (Elf:1)
  A harpy (Shoals:3)
  A slime creature (D:13)
  A wraith (D:14)
  A naga (Snake:3)
  28 foxfires
  30 fungi
  96 plants
  34 withered plants (Lair:5)
196 creatures vanquished.

Grand Total: 1598 creatures vanquished

Notes
Turn   | Place    | Note
-------+----------+-------------------------------------------
     0 | D:1      | bjtr the Gargoyle Earth Elementalist began the quest for
                  | the Orb.
     0 | D:1      | Reached XP level 1. HP: 10/10 MP: 3/3
    90 | D:1      | Reached skill level 4 in Earth Magic
   116 | D:1      | Reached XP level 2. HP: 15/15 MP: 0/5
   119 | D:1      | Learned a level 2 spell: Passwall
   593 | D:1      | Found a faded altar of an unknown god.
   752 | D:1      | Reached XP level 3. HP: 19/19 MP: 4/6
  1295 | D:2      | Reached skill level 5 in Earth Magic
  1295 | D:2      | Reached XP level 4. HP: 24/24 MP: 3/7
  1464 | D:2      | Reached skill level 1 in Armour
  1553 | D:2      | Identified the +4 ring mail of Kossi {Int+2}
  1565 | D:2      | Learned a level 3 spell: Stone Arrow
  1837 | D:2      | Reached XP level 5. HP: 28/28 MP: 6/9
  1986 | D:3      | Identified the +1 barding "Abemel" {Will+ Str+3}
  2022 | D:3      | Reached skill level 6 in Earth Magic
  2177 | D:3      | Noticed Terence
  2229 | D:3      | Killed Terence
  2230 | D:3      | Reached XP level 6. HP: 27/32 MP: 1/10
  2791 | D:4      | Noticed a sky beast
  2808 | D:4      | Reached skill level 7 in Earth Magic
  2812 | D:4      | Killed a sky beast
  2813 | D:4      | Reached XP level 7. HP: 33/36 MP: 10/12
  3786 | D:5      | Entered Level 5 of the Dungeon
  3981 | D:5      | Reached skill level 8 in Earth Magic
  4204 | D:5      | Identified the +0 pair of gloves of Anaesthesia {Str+3
                  | Int+6}
  4222 | D:5      | Learned a level 4 spell: Petrify
  4234 | D:5      | Reached XP level 8. HP: 30/42 MP: 11/14
  4535 | D:5      | Noticed Duvessa
  4535 | D:5      | Noticed Dowan
  4543 | D:5      | Killed Duvessa
  4547 | D:5      | Killed Dowan
  4548 | D:5      | Reached skill level 1 in Fighting
  4697 | D:5      | Reached skill level 1 in Conjurations
  4752 | D:5      | Found a runed translucent door.
  4781 | D:5      | Noticed drugrobin's ghost (weakling DgDe)
  4789 | D:5      | Reached skill level 5 in Spellcasting
  4789 | D:5      | Reached skill level 9 in Earth Magic
  4790 | D:5      | Killed drugrobin's ghost
  4963 | D:6      | Identified the +2 ring mail of the Sparrow {rCorr Int+3}
  4967 | D:6      | Found a sand-covered staircase.
  4974 | Ossuary  | Entered an ossuary
  5290 | D:6      | Identified a scroll of acquirement
  5415 | D:6      | Found a staircase to the Ecumenical Temple.
  5524 | D:6      | Reached XP level 9. HP: 42/47 MP: 14/17
  5534 | D:6      | Reached skill level 5 in Armour
  5538 | D:6      | Reached skill level 10 in Earth Magic
  5619 | D:6      | Found a burning altar of Makhleb.
  5662 | D:6      | Noticed a manticore
  5667 | D:6      | Killed a manticore
  6143 | D:6      | Acquired the amulet of Abbusoci {Reflect Regen+ Str+8 Dex-5
                  | SH+5}
  6161 | Temple   | Entered the Ecumenical Temple
  6166 | Temple   | Became a worshipper of Vehumet
  6343 | D:7      | Reached skill level 1 in Shields
  6453 | D:7      | Reached skill level 11 in Earth Magic
  7293 | D:7      | Learned a level 2 spell: Wereblood
  7303 | D:8      | Noticed Gastronok
  7365 | D:8      | Reached * piety under Vehumet
  7365 | D:8      | Offered knowledge of Foxfire by Vehumet.
  7368 | D:8      | Learned a level 1 spell: Foxfire
  7382 | D:8      | Found Puodes's Magic Scroll Shoppe.
  7399 | D:8      | Bought a scroll of teleportation for 36 gold pieces
  7399 | D:8      | Bought a scroll of magic mapping for 90 gold pieces
  7399 | D:8      | Bought a scroll of poison for 48 gold pieces
  7399 | D:8      | Bought a scroll of blinking for 90 gold pieces
  7475 | D:8      | Found a shadowy altar of Dithmenos.
  7499 | D:8      | Found a blossoming altar of Fedhas.
  7748 | D:8      | Found a snail-covered altar of Cheibriados.
  7768 | D:8      | Found a hazy altar of Hepliaklqana.
  7804 | D:8      | Killed Gastronok
  7805 | D:8      | Reached skill level 12 in Earth Magic
  7805 | D:8      | Reached XP level 10. HP: 49/53 MP: 0/20
  7926 | D:8      | Noticed Joseph
  7963 | D:8      | Killed Joseph
  8781 | D:9      | Found a runed translucent gate.
  8782 | D:9      | Found a runed translucent gate.
  8782 | D:9      | Found a runed translucent gate.
  8995 | D:9      | Offered knowledge of Magic Dart by Vehumet.
  9149 | D:9      | Noticed a white ugly thing
  9149 | D:9      | Noticed a glowing orange brain
  9154 | D:9      | Noticed a purple ugly thing
  9155 | D:9      | Noticed a white ugly thing
  9190 | D:9      | Found a staircase to the Orcish Mines.
  9196 | D:9      | Reached ** piety under Vehumet
  9435 | D:9      | Noticed a white ugly thing
  9447 | D:10     | Entered Level 10 of the Dungeon
  9537 | D:10     | Found a flagged portal.
  9550 | Bailey   | Entered a bailey
  9653 | Bailey   | Noticed Prince Ribbit
  9653 | Bailey   | Noticed a vault guard
  9681 | Bailey   | Killed a vault guard
  9682 | Bailey   | Reached skill level 13 in Earth Magic
  9682 | Bailey   | Reached XP level 11. HP: 59/59 MP: 17/22
  9683 | Bailey   | Killed Prince Ribbit
  9760 | Bailey   | Noticed a vault guard
  9778 | Bailey   | Killed a vault guard
  9981 | Bailey   | Learned a level 5 spell: Irradiate
 10170 | D:10     | Offered knowledge of Ignite Poison by Vehumet.
 10180 | D:10     | Learned a level 3 spell: Ignite Poison
 10320 | D:10     | Noticed Grum
 10342 | D:10     | Killed Grum
 10660 | D:11     | Noticed a cyclops
 10663 | D:11     | Reached skill level 5 in Shields
 10666 | D:11     | Killed a cyclops
 10667 | D:11     | Reached skill level 5 in Conjurations
 10742 | D:11     | Noticed a two-headed ogre
 10758 | D:11     | Killed a two-headed ogre
 10758 | D:11     | Reached *** piety under Vehumet
 10759 | D:11     | Reached skill level 5 in Stealth
 10886 | D:11     | Noticed a death yak
 10890 | D:11     | Noticed a death yak
 10890 | D:11     | Noticed a death yak
 11097 | D:11     | Noticed a manticore
 11101 | D:11     | Killed a manticore
 11342 | D:11     | Noticed a two-headed ogre
 11356 | D:11     | Killed a two-headed ogre
 11357 | D:11     | Reached skill level 14 in Earth Magic
 11608 | D:11     | Noticed a death yak
 11632 | D:11     | Killed a death yak
 11633 | D:11     | Reached XP level 12. HP: 64/64 MP: 19/24
 11667 | D:11     | Found a staircase to the Lair.
 11671 | D:11     | Noticed a death yak
 11683 | D:11     | Killed a death yak
 11696 | D:11     | Killed a death yak
 11709 | D:11     | Killed a death yak
 11716 | D:11     | Killed a death yak
 12094 | D:12     | Noticed a two-headed ogre
 12107 | D:12     | Killed a two-headed ogre
 12359 | D:12     | Noticed a two-headed ogre
 12377 | D:12     | Killed a two-headed ogre
 12461 | D:12     | Found a glowing golden altar of the Shining One.
 13493 | D:13     | Offered knowledge of Mephitic Cloud by Vehumet.
 13494 | D:13     | Reached skill level 15 in Earth Magic
 13498 | D:13     | Learned a level 3 spell: Mephitic Cloud
 13653 | D:13     | Noticed a two-headed ogre
 13666 | D:13     | Killed a two-headed ogre
 13814 | D:13     | Noticed a centaur warrior
 13816 | D:13     | Noticed a centaur warrior
 13817 | D:13     | Noticed a boulder beetle
 14390 | D:13     | Killed a centaur warrior
 14418 | D:13     | Killed a centaur warrior
 14461 | D:13     | Killed a boulder beetle
 14462 | D:13     | Reached XP level 13. HP: 70/70 MP: 16/26
 15193 | D:14     | Noticed Josephine
 15263 | D:14     | Noticed a vault guard
 15263 | D:14     | Noticed a vault guard
 15263 | D:14     | Noticed a vault guard
 15308 | D:14     | You fall into a shaft and drop 1 floor!
 15308 | D:15     | Entered Level 15 of the Dungeon
 15377 | D:14     | Noticed a white very ugly thing
 15398 | D:14     | Found a frozen archway.
 15404 | IceCv    | Entered an ice cave
 15489 | IceCv    | Reached **** piety under Vehumet
 15675 | IceCv    | Offered knowledge of Lee's Rapid Deconstruction by Vehumet.
 15682 | IceCv    | Learned a level 5 spell: Lee's Rapid Deconstruction
 16481 | IceCv    | Noticed a blizzard demon
 16482 | IceCv    | Noticed a blizzard demon
 16504 | IceCv    | Reached skill level 16 in Earth Magic
 16515 | IceCv    | Killed a blizzard demon
 16518 | IceCv    | Killed a blizzard demon
 16519 | IceCv    | Reached skill level 1 in Evocations
 16641 | IceCv    | Got the Papyrus of the Snowflakes
 16758 | IceCv    | Reached ***** piety under Vehumet
 16891 | IceCv    | Gained mutation: Your large and strong wings let you fly.
                  | [Gargoyle growth]
 16891 | IceCv    | Reached XP level 14. HP: 39/76 MP: 21/27
 17037 | IceCv    | Offered knowledge of Airstrike by Vehumet.
 17118 | D:14     | Reached skill level 10 in Spellcasting
 17118 | D:14     | Killed a purple very ugly thing
 17119 | D:14     | Reached skill level 10 in Shields
 17212 | D:14     | Learned a level 4 spell: Sticky Flame
 17292 | D:13     | Gained mutation: You have hidden genetic defects.
                  | [mutagenic glow]
 17295 | D:13     | Killed Josephine
 17872 | D:14     | Found a gate to the Vaults.
 17881 | D:14     | Reached skill level 10 in Conjurations
 17885 | D:14     | Gained mutation: You do not regenerate when monsters are
                  | visible. [hidden defects]
 18039 | D:14     | Found a large runed translucent door.
 18039 | D:14     | Found a large runed translucent door.
 18043 | D:14     | Noticed Jocum's ghost (journeyman MiFi)
 18386 | D:14     | Killed Jocum's ghost
 18637 | D:9      | Reached skill level 17 in Earth Magic
 18710 | D:9      | Found a runed translucent gate.
 18710 | D:9      | Found a runed translucent gate.
 18745 | D:9      | Found a runed translucent gate.
 18749 | D:9      | Noticed bakla's ghost (novice TrWn)
 18762 | D:9      | Lost mutation: You do not regenerate when monsters are
                  | visible. [potion of mutation]
 18762 | D:9      | Lost mutation: You have hidden genetic defects. [potion of
                  | mutation]
 18762 | D:9      | Gained mutation: You have hidden genetic defects. [potion
                  | of mutation]
 18762 | D:9      | Gained mutation: You are strong-willed. (Will+) [potion of
                  | mutation]
 18762 | D:9      | Gained mutation: You are agile. (Dex +4, Str/Int -1)
                  | [potion of mutation]
 18780 | D:9      | Reached skill level 5 in Fighting
 18780 | D:9      | Reached XP level 15. HP: 82/82 MP: 27/29
 18794 | D:9      | Killed bakla's ghost
 18796 | D:9      | Gained mutation: You are covered in fur. (AC +1) [a
                  | neqoxec]
 18826 | D:9      | Lost mutation: You have hidden genetic defects. [potion of
                  | mutation]
 18826 | D:9      | Lost mutation: You are covered in fur. (AC +1) [potion of
                  | mutation]
 18826 | D:9      | Gained mutation: You have sharp toenails. [potion of
                  | mutation]
 18826 | D:9      | Gained mutation: You passively dampen the noise of your
                  | surroundings. [potion of mutation]
 20090 | D:15     | Reached XP level 16. HP: 88/88 MP: 8/30
 20338 | D:15     | Identified the +1 leather armour of the Kangaroo {MP+9
                  | Str+4}
 20344 | D:15     | Reached skill level 1 in Poison Magic
 20596 | D:15     | Reached skill level 5 in Dodging
 20630 | D:15     | Reached skill level 18 in Earth Magic
 20971 | D:15     | Found a staircase to the Depths.
 20991 | D:15     | a dire elephant changed into a quicksilver dragon
 20991 | D:15     | Noticed a quicksilver dragon (glowing shapeshifter)
 20993 | D:15     | a quicksilver dragon changed into a stone giant
 21475 | Lair:1   | Entered Level 1 of the Lair of Beasts
 22863 | Lair:2   | Offered knowledge of Starburst by Vehumet.
 23971 | Lair:3   | Learned a level 6 spell: Starburst
 23981 | Lair:3   | Found a staircase to the Shoals.
 24079 | Lair:3   | Found a staircase to the Snake Pit.
 24627 | Lair:3   | Reached XP level 17. HP: 95/95 MP: 33/33
 25577 | Lair:5   | Entered Level 5 of the Lair of Beasts
 25768 | Lair:5   | Offered knowledge of Arcjolt by Vehumet.
 25802 | Lair:5   | Found a staircase to the Slime Pits.
 25802 | Lair:5   | Found a viscous altar of Jiyva.
 26075 | Lair:5   | Learned a level 5 spell: Arcjolt
 26733 | Lair:5   | Reached XP level 18. HP: 90/101 MP: 30/34
 27088 | Lair:5   | Reached skill level 1 in Fire Magic
 27099 | Lair:5   | Reached skill level 19 in Earth Magic
 28312 | Orc:1    | Entered Level 1 of the Orcish Mines
 28588 | Orc:1    | Noticed Erolcha
 28594 | Orc:1    | Killed Erolcha
 28960 | Orc:1    | Noticed Sonja
 28968 | Orc:1    | Killed Sonja
 29092 | Orc:2    | Entered Level 2 of the Orcish Mines
 29508 | Orc:2    | Found a staircase to the Elven Halls.
 29602 | Orc:2    | Found Poontol's Antique Armour Emporium.
 29786 | Orc:2    | Found Runiffu's Antique Weapon Shop.
 29851 | Orc:2    | HP: 3/101 [orc warrior/+0 glaive (20)]
 30110 | Orc:2    | Found Utryjibb's General Store.
 30122 | Orc:2    | Found Ahonliofe's Weapon Shoppe.
 30124 | Orc:2    | Found Goozy's Weapon Shop.
 30133 | Orc:2    | Offered knowledge of Iron Shot by Vehumet.
 30151 | Orc:2    | Bought a potion of heal wounds for 75 gold pieces
 30174 | Orc:2    | Bought a smoking falchion for 272 gold pieces
 30174 | Orc:2    | Identified the +6 falchion "Ibobb" {freeze, +Blink rF+ rC+
                  | Str-4} (You bought it in a shop on level 2 of the Orcish
                  | Mines)
 30174 | Orc:2    | Bought a fine rapier for 306 gold pieces
 30174 | Orc:2    | Identified the +8 rapier of Duty {vorpal, rN+ Str+2 Int-5}
                  | (You bought it in a shop on level 2 of the Orcish Mines)
 30550 | Snake:1  | Entered Level 1 of the Snake Pit
 30551 | Snake:1  | Found Xuogod's Gadget Gallery.
 30680 | Snake:1  | Found Gomig's Antique Weapon Shop.
 30689 | Snake:1  | Bought a polished long sword for 229 gold pieces
 30689 | Snake:1  | Identified the +6 long sword of Kesepn {flame, Fly rPois
                  | Int+3} (You bought it in a shop on level 1 of the Snake
                  | Pit)
 31038 | Snake:1  | Found the ring of the Mage {Wiz Archmagi}
 31058 | Snake:1  | Learned a level 6 spell: Iron Shot
 33778 | Snake:3  | Found Mahaede's Mass Market.
 34408 | Snake:3  | Reached skill level 15 in Shields
 34488 | Snake:3  | Reached XP level 19. HP: 107/107 MP: 18/37
 34922 | Snake:3  | Found Ketosch's Magic Scroll Emporium.
 35113 | Snake:3  | Reached ****** piety under Vehumet
 35147 | Snake:3  | Noticed Azrael
 35159 | Snake:3  | Killed Azrael
 35342 | Snake:3  | Offered knowledge of Iskenderun's Battlesphere by Vehumet.
 35786 | Snake:4  | Entered Level 4 of the Snake Pit
 36020 | Snake:4  | Found Ruihuott's Assorted Antiques.
 36093 | Snake:4  | Noticed Mara
 36119 | Snake:4  | Noticed bjtr's illusion
 36142 | Snake:3  | Noticed bjtr's illusion
 36399 | Snake:3  | Killed Mara
 36505 | Snake:4  | Noticed Vashnia
 36512 | Snake:4  | Killed Vashnia
 37781 | Snake:4  | Upgraded the game from 0.30-a0-553-g7fabdf1491 to
                  | 0.30-a0-557-ge2afbf3030
 38084 | Snake:4  | Got a serpentine rune of Zot
 38157 | Snake:4  | Offered knowledge of Orb of Destruction by Vehumet.
 38457 | Snake:4  | Reached XP level 20. HP: 114/114 MP: 29/38
 39089 | Shoals:1 | Entered Level 1 of the Shoals
 39096 | Shoals:1 | Reached skill level 20 in Earth Magic
 39462 | Shoals:1 | You are sucked into a shaft and drop 1 floor!
 39703 | Shoals:1 | Reached skill level 15 in Spellcasting
 42349 | Shoals:3 | Found a flickering gateway to a bazaar.
 42368 | Bazaar   | Entered a bazaar
 42371 | Bazaar   | Found Beang's Armour Shop.
 42377 | Bazaar   | Found Qixkir's Distillery.
 42383 | Bazaar   | Found Agioxaq's Distillery.
 42396 | Bazaar   | Found Waahel's Antique Armour Boutique.
 42435 | Bazaar   | Bought the +3 warlock's mirror {reflect} for 360 gold
                  | pieces
 42435 | Bazaar   | Found the +3 warlock's mirror {reflect}
 42435 | Bazaar   | Bought the +5 pair of boots "Noxtolyi" {rC++ rCorr Str-2
                  | Dex-3} for 441 gold pieces
 42465 | Bazaar   | Bought a potion of mutation for 96 gold pieces
 42465 | Bazaar   | Bought a potion of heal wounds for 60 gold pieces
 42472 | Bazaar   | Bought a potion of cancellation for 88 gold pieces
 42472 | Bazaar   | Bought a potion of magic for 88 gold pieces
 42500 | Bazaar   | Bought a potion of curing for 33 gold pieces
 42500 | Bazaar   | Bought a potion of curing for 33 gold pieces
 42500 | Bazaar   | Bought a potion of magic for 88 gold pieces
 42500 | Bazaar   | Bought 2 potions of magic for 176 gold pieces
 42500 | Bazaar   | Bought a potion of curing for 33 gold pieces
 42500 | Bazaar   | Bought 2 potions of brilliance for 88 gold pieces
 42507 | Bazaar   | Bought a potion of ambrosia for 96 gold pieces
 42507 | Bazaar   | Bought a potion of curing for 36 gold pieces
 42507 | Bazaar   | Bought a potion of curing for 36 gold pieces
 43037 | Shoals:3 | Identified the +5 chain mail "Koffantuts" {Contam Harm
                  | rElec rN++}
 43082 | Shoals:3 | Offered knowledge of Spellforged Servitor by Vehumet.
 44711 | Shoals:4 | Entered Level 4 of the Shoals
 44849 | Shoals:4 | Learned a level 7 spell: Spellforged Servitor
 44921 | Shoals:4 | Reached skill level 1 in Axes
 45421 | Shoals:4 | Identified the +4 trident of Destiny {flame, Contam rC+
                  | SInv}
 45533 | Shoals:4 | Got a barnacled rune of Zot
 45710 | Shoals:4 | Identified the +2 leather armour of the Shrike {rElec rF-
                  | rN+ Int+4}
 46525 | Elf:1    | Entered Level 1 of the Elven Halls
 46743 | Elf:1    | Reached XP level 21. HP: 120/120 MP: 17/41
 46775 | Elf:1    | Paralysed by an air elemental for 1 turns
 47274 | Elf:1    | Found a portal to a secret trove of treasure.
 47323 | Elf:1    | Found Rily's Armour Emporium.
 47325 | Elf:1    | Noticed Aizul
 47348 | Elf:1    | Killed Aizul
 47923 | Elf:2    | Offered knowledge of Fire Storm by Vehumet.
 47923 | Elf:2    | Offered knowledge of Shatter by Vehumet.
 47923 | Elf:2    | Offered knowledge of Chain Lightning by Vehumet.
 48096 | Elf:2    | Paralysed by an air elemental for 1 turns
 48101 | Elf:2    | Paralysed by an air elemental for 1 turns
 48207 | Elf:2    | Identified the +8 bardiche of Conscience {venom, rF+}
 48385 | Elf:2    | Reached skill level 21 in Earth Magic
 48554 | Elf:2    | Found Coafi's Antique Armour Boutique.
 48559 | Elf:2    | Bought a jewelled ring mail for 315 gold pieces
 48559 | Elf:2    | Identified the +1 ring mail of Lethargy {Will+ Int+7} (You
                  | bought it in a shop on level 2 of the Elven Halls)
 48782 | Elf:2    | Found a runed translucent gate.
 48783 | Elf:2    | Found a runed translucent gate.
 48783 | Elf:2    | Found a runed translucent gate.
 49148 | Elf:2    | Reached skill level 5 in Axes
 49472 | Elf:3    | Entered Level 3 of the Elven Halls
 49772 | Elf:3    | Found Wielem's Weapon Shop.
 49847 | Elf:3    | Identified the +7 arbalest "Muum" {freeze, rC++ rCorr MP+9
                  | Int+3}
 50074 | Elf:3    | Identified the +2 scale mail of Keiri {rN+}
 50074 | Elf:3    | Identified the ring "Suumuif" {rPois rF+ Will+ Int+6 Dex-3}
 50141 | Elf:3    | Reached skill level 15 in Conjurations
 51533 | Elf:3    | Identified the +2 robe of Ivut {rCorr Dex+3 SInv}
 51598 | Elf:3    | Identified the +6 trident of the Hills {freeze, rElec
                  | Will+}
 51747 | Elf:3    | Identified the +6 short sword of Internal Strife {heavy,
                  | MP+9}
 52375 | Vaults:1 | Entered Level 1 of the Vaults
 52498 | Vaults:1 | Reached XP level 22. HP: 125/125 MP: 43/43
 52876 | Vaults:1 | Found Wougup's Weapon Boutique.
 52955 | Vaults:1 | Found Orauhocw's Book Shoppe.
 53051 | Vaults:1 | Found Pilouvvio's Antique Weapon Boutique.
 53431 | Vaults:1 | Found Seschal's Magic Scroll Shoppe.
 53576 | Vaults:1 | Found Seodwyrch's Magic Scroll Shop.
 53675 | Vaults:2 | Noticed Saint Roka
 53681 | Vaults:2 | Killed Saint Roka
 53892 | Vaults:2 | Found a staircase to the Crypt.
 54139 | Vaults:2 | Noticed Mennas
 54194 | Vaults:2 | Killed Mennas
 54848 | Vaults:2 | Mangled by an enormous slime creature

Illustrated notes

Levels and vault maps discovered:
D:1:      psy_arrival_dodecagon, layout_basic, chequers_ecumenical_altar_grove,
          minmay_misc_feat_ornament
D:2:      layout_basic
D:3:      layout_rooms, uniq_terence
D:4:      layout_rooms
D:5:      layout_loops_corners, ebering_ghost_sewer_d, uniq_duvessa
D:6:      layout_loops_ring, nicolae_overflow_hidden_temple, temple_doors_e,
          enter_ossuary_4, portal_sewer_entry_b, minmay_misc_feat_x, minivault_4
D:7:      layout_gridville
D:8:      layout_cave_pods, mainiacjoe_overflow_concentric_impassable,
          grunt_dithmenos_smoke_and_mirrors, mainiacjoe_overflow_catch_the_wave,
          serial_shops, shop_scrolls, uniq_joseph, uniq_gastronok
D:9:      layout_cave_pools, erik_orc_2,
          ploomutoo_gammafunk_ghost_potion_laboratory
D:10:     layout_basic, enter_bailey_2, uniq_grum
D:11:     layout_rooms, dpeg_lair_monsters
D:12:     layout_basic, nicolae_tso_carved_into_rock
D:13:     minmay_separated_statues, layout_basic
D:14:     layout_rooms, erik_vaults_2, portal_ice_cave_entry_horrid_things,
          ebering_ghost_disaster_area, roderic_serpentine_path,
          blue_anna_alchemist, uniq_josephine
D:15:     gammafunk_enter_depths_forms, layout_loops_ring,
          small_chamber_with_monster
Temple:   sentei_temple_godly_chess
Lair:1:   layout_concentric_octagons
Lair:2:   nzn_winding_woodlands_small [nzn_winding_woodlands_5x15_sawtooth,
          nzn_winding_woodlands_center_lodge,
          nzn_winding_woodlands_5x15_jagged], layout_long_grid,
          chequers_serial_rivers_micro_c
Lair:3:   layout_chaotic_city, minmay_shoals_entry_beasts,
          minmay_snake_entry_six_corridors
Lair:4:   layout_long_grid
Lair:5:   due_jungle_book, layout_regular_city, slime_entry_1
Shoals:1: layout_shoals
Shoals:2: layout_shoals, nicolae_shoals_kraken_intersection
Shoals:3: layout_shoals, serial_shops, bzr_firewalk
Shoals:4: shoals_end_hellmonk_lost_city
Snake:1:  layout_misc_corridors, serial_shops, shop,
          nicolae_snake_gridmaze_entwining, nicolae_shop_gadgets
Snake:2:  layout_layer_cave, nicolae_snake_double_loop, nicolae_snake_snakewalk,
          grunt_megastairs_2
Snake:3:  layout_gridlike, serial_shops, nicolae_shop_statue_plus,
          nicolae_snake_gridmaze_swirls, drop_trap, minmay_shop_mass,
          st_stairs_5, serial_bayou_shore_a, uniq_azrael
Snake:4:  snake_pit, layout_onion_interference, serial_shops, shop_statue,
          uniq_mara, uniq_vashnia
Orc:1:    layout_caves, uniq_sonja, uniq_erolcha
Orc:2:    st_orc_elflike, layout_caves, serial_shops, shop_coins
Elf:1:    eino_elf_arrival_the_gate, layout_geoelf_grid, serial_shops,
          nicolae_shop_waterfront, nicolae_trove_entry_crossroad,
          hangedman_corner_corridor, einodemon_armed_red_devil_minivault,
          uniq_aizul
Elf:2:    nicolae_elf_blades_crystal_corner, layout_loops_corners, serial_shops,
          nicolae_square_shop
Elf:3:    minmay_elf_hall_quartered_circle, layout_geoelf_castle, serial_shops,
          shop
Vaults:1: nicolae_vaults_network_s, nicolae_vaults_little_ls, v_misc_29,
          v_misc_32, v_misc_16, vaults_dpeg_diagonal,
          vaults_room_grunt_arrival_ludios, v_misc_26, hangedman_vaults_maws,
          nicolae_vaults_ring_of_whatevers, vaults_dpeg_spiral,
          layout_vaults_ring, serial_shops, nicolae_shop_behind_doors,
          nicolae_lakefront_shop, shop_fountains, shop_statue, shop
Vaults:2: v_pattern_4, vaults_mumra_hex, grunt_vaults_swirl,
          nicolae_vaults_network_periphery, minmay_crypt_entry_nasty_monster,
          nicolae_vaults_little_squares_1, vaults_room_hallway, v_misc_25,
          dpeg_vaults_hating_casters, vaults_dpeg_encased_lava,
          ontoclasm_vaults_decontamination, layout_vaults_omnicross,
          uniq_mennas, uniq_saint_roka

Skill      XL: |  1  2  3  4  5  6  7  8  9 10 11 12 13 14 15 16 17 18 19 20 21 22 |
---------------+-------------------------------------------------------------------+-----
Earth Magic    | 4 5 6 7 8 9 12 13 14 15 16 17 18 19 20 21 | 21.7
Armour         | 1 2 3 4 6 7 8 9 |  9.8
Spellcasting   | 3 4 5 6 7 8 9 10 12 14 16 17 18 | 18.1
Dodging        | 2 3 4 5 7 8 |  8.9
Fighting       | 1 2 3 4 5 6 7 8 9 |  9.8
Conjurations   | 1 2 4 5 7 9 10 11 12 13 14 15 | 15.6
Shields        | 2 4 6 7 9 10 11 13 15 16 17 18 | 18.1
Stealth        | 3 5 6 7 8 9 |  9.4
Evocations     | 1 |  1.1
Poison Magic   | 1 |  1.4
Fire Magic     | 1 2 |  2.6
Axes           | 2 6 8 |  8.6
Transmutations | |  0.7

Action                   |  1- 3 |  4- 6 |  7- 9 | 10-12 | 13-15 | 16-18 | 19-21 | 22-24 || total
-------------------------+-------+-------+-------+-------+-------+-------+-------+-------++-------
Melee: Mace              |       |    31 |   132 |    27 |       |       |       |       ||   190
       Flail             |       |       |       |   286 |   356 |   112 |       |       ||   754
       Scimitar          |       |       |       |       |     8 |    52 |       |       ||    60
       Morningstar       |       |       |       |       |     5 |       |       |       ||     5
       Kick              |       |       |       |       |    34 |   479 |       |       ||   513
       Broad axe         |       |       |       |       |       |  1352 |   622 |   102 ||  2076
 Fire: Sling             |       |       |       |    60 |       |       |    11 |       ||    71
Throw: Dart              |       |       |       |       |       |       |     2 |       ||     2
 Cast: Sandblast         |    45 |    67 |   150 |    63 |       |       |     1 |       ||   326
       Stone Arrow       |       |     5 |    42 |   142 |   162 |   162 |     2 |       ||   515
       Petrify           |       |       |       |    40 |    10 |     2 |       |       ||    52
       Wereblood         |       |       |       |     6 |       |     4 |     6 |       ||    16
       Foxfire           |       |       |       |     9 |    10 |       |       |       ||    19
       Lee's Rapid Decon |       |       |       |       |    39 |    36 |     9 |     6 ||    90
       Irradiate         |       |       |       |       |    13 |    19 |    22 |     2 ||    56
       Mephitic Cloud    |       |       |       |       |    18 |    22 |     3 |       ||    43
       Ignite Poison     |       |       |       |       |     6 |     6 |       |       ||    12
       Starburst         |       |       |       |       |       |    36 |    15 |       ||    51
       Iron Shot         |       |       |       |       |       |    53 |   397 |    40 ||   490
       Arcjolt           |       |       |       |       |       |    10 |    88 |    68 ||   166
       Sticky Flame      |       |       |       |       |       |       |     3 |       ||     3
       Spellforged Servi |       |       |       |       |       |       |     3 |     3 ||     6
Evoke: Wand              |       |       |     7 |     6 |    15 |     6 |       |       ||    34
  Use: Scroll            |     2 |     4 |    17 |     8 |     6 |    15 |    10 |     1 ||    63
       Potion            |       |     1 |     1 |     3 |    13 |     8 |     4 |     4 ||    34
 Stab: Petrified         |       |       |       |    57 |    22 |       |       |       ||    79
       Sleeping          |       |       |       |     4 |     1 |    18 |     4 |     2 ||    29
       Petrifying        |       |       |       |     1 |       |       |       |       ||     1
       Confused          |       |       |       |       |     3 |     3 |       |       ||     6
       Distracted        |       |       |       |       |       |     1 |       |       ||     1
Armor: Robe              |     3 |       |       |       |       |       |       |       ||     3
       Leather armour    |     5 |     4 |       |       |       |       |       |       ||     9
       Ring mail         |       |    30 |   224 |   275 |   378 |  1138 |   645 |   110 ||  2800
Dodge: Dodged            |     6 |    41 |   249 |   177 |   248 |   845 |   388 |    72 ||  2026
Block: Buckler           |       |       |    28 |    55 |       |       |   433 |   143 ||   659
       Reflection        |       |       |     5 |    21 |    20 |    77 |   199 |    13 ||   335
       Kite shield       |       |       |       |   243 |   467 |  2183 |   817 |       ||  3710

Table legend: (Time is in decaauts)
 A = Elapsed time spent in this place.
 B = Non-inter-level travel time spent in this place.
 C = Inter-level travel time spent in this place.
 D = Time resting spent in this place.
 E = Time spent auto-exploring this place.
 F = Levels seen in this place.
 G = Mean time per level.
                   A        B        C        D        E       F      G
               +--------+--------+--------+--------+--------+-----+--------+
         Total |  56990 |  51562 |   5428 |  13251 |  24614 |  40 | 1424.8 |
       Dungeon |  21559 |  18141 |   3418 |   4813 |   8649 |  15 | 1437.3 |
        Temple |    149 |    109 |     40 |      0 |      3 |   1 |  149.0 |
          Lair |   7564 |   6834 |    730 |   1339 |   3412 |   5 | 1512.8 |
        Shoals |   6292 |   6062 |    230 |   1805 |   3286 |   4 | 1573.0 |
     Snake Pit |   8687 |   8383 |    304 |   2345 |   3569 |   4 | 2171.8 |
  Orcish Mines |   2283 |   2000 |    283 |    377 |    715 |   2 | 1141.5 |
   Elven Halls |   5299 |   4891 |    408 |   1140 |   2768 |   3 | 1766.3 |
        Vaults |   2481 |   2468 |     13 |    431 |   1488 |   2 | 1240.5 |
        Bazaar |    170 |    170 |      0 |      0 |      2 |   1 |  170.0 |
       Ossuary |    273 |    273 |      0 |      0 |    117 |   1 |  273.0 |
        Bailey |    479 |    479 |      0 |    125 |    142 |   1 |  479.0 |
      Ice Cave |   1749 |   1749 |      0 |    875 |    462 |   1 | 1749.0 |
               +--------+--------+--------+--------+--------+-----+--------+

Top non-repeatable levels by time:
 Snake:3: 2844 daAuts
  Lair:5: 2577 daAuts
 Snake:2: 2536 daAuts
 Snake:4: 2356 daAuts
     D:9: 2097 daAuts
   Elf:3: 2086 daAuts
    D:15: 1879 daAuts
     D:8: 1830 daAuts
Shoals:1: 1794 daAuts
   IceCv: 1749 daAuts
    D:14: 1746 daAuts
    D:12: 1704 daAuts
Shoals:3: 1649 daAuts
    D:13: 1641 daAuts
   Elf:2: 1616 daAuts
